 Dungeon Crawl Stone Soup version 0.17-a0-1941-gcc30b76 (webtiles) character file.

762 Ordine the Magician (level 7, -2/36 HPs)
             Began as a Gargoyle Fire Elementalist on Sept 30, 2015.
             Was an Initiate of Vehumet.
             Slain by a wight
             ... wielding a +0 great sword
              (12 damage)
             ... on level 5 of the Dungeon.
             The game lasted 00:23:14 (4501 turns).

Ordine the Magician (Gargoyle Fire Elementalist)    Turns: 4501, Time: 00:23:14

Health: -2/36      AC:  9    Str: 11    XL:     7   Next: 81%
Magic:  9/15       EV: 12    Int: 18    God:    Vehumet [......]
Gold:   228        SH:  0    Dex: 10    Spells: 3 memorised, 9 levels left

rFire  . . .     SeeInvis .     o - +1 hand axe (freeze)
rCold  . . .     Clarity  +     a - +1 robe
rNeg   + . .     SustAt   .     (no shield)
rPois  ∞         Gourm    .     (no helmet)
rElec  +         Spirit   .     (no cloak)
rCorr  .         Warding  .     v - +0 pair of gloves
rMut   .         Stasis   .     l - +0 pair of boots
MR     .....                    f - amulet of clarity
Stlth  ++........               (no ring)
                                (no ring)

@: not resistant to hostile enchantments, unstealthy
A: negative energy resistance 1, electricity resistance, unbreathing,
petrification resistance, rot immunity, AC +4
a: Renounce Religion


You were on level 5 of the Dungeon.
You worshipped Vehumet.
Vehumet was noncommittal.
You were not hungry.

You visited 2 branches of the dungeon, and saw 7 of its levels.

You collected 228 gold pieces.

Inventory:

Hand weapons
 g - a +0 club
 o - a +1 hand axe of freezing (weapon)
 y - a +0 flail of draining
Armour
 a - a +1 robe (worn)
 l - a +0 pair of boots (worn)
 s - a +2 buckler
 v - a +0 pair of gloves (worn)
Jewellery
 f - an amulet of clarity (around neck)
Magical devices
 k - a wand of frost (29)
Scrolls
 h - 2 scrolls of immolation
 j - a scroll of recharging
 m - 2 scrolls of magic mapping
 x - 2 scrolls of remove curse
Potions
 e - a potion of cure mutation
 n - 6 potions of curing
 p - 2 potions of heal wounds
 q - a potion of magic
 t - a potion of brilliance
 u - a potion of haste {unknown}
 w - 2 potions of might {unknown}
 z - a potion of cancellation {unknown}
Books
 b - a book of Flames

   Spells                             Type                      Level
   a - Flame Tongue                   Conjuration/Fire             1
   b - Throw Flame                    Conjuration/Fire             2
   c - Conjure Flame                  Conjuration/Fire             3
   d - Inner Flame                    Hexes/Fire                   3
   e - Sticky Flame                   Conjuration/Fire             4
   f - Fireball                       Conjuration/Fire             5
 r - a Necronomicon

   Spells                             Type                      Level
   a - Haunt                          Necromancy/Summoning         7
   b - Borgnjor's Revivification      Necromancy                   8
   c - Death's Door                   Charms/Necromancy            8
   d - Necromutation                  Transmutation/Necromancy     8
Comestibles
 c - 5 bread rations
 d - 5 meat rations


   Skills:
 - Level 1.5 Dodging
 - Level 2.1 Stealth
 * Level 5.8 Spellcasting
 + Level 4.6 Conjurations
 + Level 4.9 Fire Magic


You had 9 spell levels left.
You knew the following spells:

 Your Spells              Type           Power        Failure   Level  Hunger
a - Flame Tongue          Conj/Fire      ###..        1%          1    None
b - Conjure Flame         Conj/Fire      ###.....     6%          3    ##.....
c - Sticky Flame          Conj/Fire      ###.....     21%         4    ####...


Dungeon Overview and Level Annotations

Branches:
Dungeon (6/15)             Temple (1/1) D:4

Altars:
Ashenzari
Cheibriados
Dithmenos
Elyvilon
Fedhas
Kikubaaqudgha
Makhleb
Okawaru
Qazlal
Ru
Vehumet
Xom
Yredelemnul
Zin
The Shining One

Shops:
D:4 [   D:5 [


Innate Abilities, Weirdness & Mutations

You are resistant to torment.
Your stone body is resilient (AC +4).
You are immune to poison.
You resist negative energy.
You are resistant to electric shocks.
You can survive without breathing.
You are immune to petrification.
You are immune to rotting.


Message History

Vehumet accepts your kill. The wight closely misses you.
Items here: )) [[ a mace; a robe; a halberd of freezing; a robe
Casting: Flame Tongue
Confirm with . or Enter, or press ? or * to list all spells.
Aiming: Flame Tongue
Press: ? - help, Shift-Dir - straight line, f - wight
Aim: a wight, wielding a great sword and wearing a robe The flame tongue hits the wight.
The wight appears unharmed.
The wight barely misses you.
Casting: Flame Tongue
Confirm with . or Enter, or press ? or * to list all spells.
Aiming: Flame Tongue
Press: ? - help, Shift-Dir - straight line, f/p - wight
Aim: a wight, wielding a great sword and wearing a robe The flame tongue hits the wight.
The wight is moderately damaged.
The wight hits you with a great sword!
You die...

#...<...).......###...(
#.#######.####.## ##...
#.# #.# ##.###.... #.#
#.# ##.#.#... #.# #.#
##.####. #.#######.#
#....... #.#.......#
#..####.
##.#.############..# ##
#..#...@zz.....##..# #.
##.##..########.##..# #.
#...........# #.##..####.
#..##..####.###.##.......
#........<...............
#...#...#.#..(......####.
#......###...##.###.####.
##....## ##..............
##.##.###...###.##.####.


You could see 2 wights.

Vanquished Creatures
  A necrophage (D:5)
  An ogre (D:5)
  A giant frog (D:4)
  The ghost of Kuldar the Cudgeler, a weakling TrBe of Trog (D:3)
  A water moccasin skeleton (D:5)
  2 wights (D:5)
  2 orc wizards
  An orc priest (D:5)
  A hound (D:5)
  Natasha (D:3)
  An iguana (D:4)
  A worker ant (D:4)
  7 adders
  2 shadow imps (D:5)
  A worm (D:2)
  4 giant geckos
  10 orcs
  4 giant cockroaches
  9 hobgoblins
  4 jackals (D:2)
  5 kobolds
  2 quokkas (D:2)
  A ball python (D:3)
  7 bats
  A giant cockroach zombie (D:6)
  3 giant newts
  6 goblins
  12 rats
92 creatures vanquished.

Notes
Turn   | Place    | Note
--------------------------------------------------------------
     0 | D:1      | Ordine the Gargoyle Fire Elementalist began the quest for the Orb.
     0 | D:1      | Reached XP level 1. HP: 10/10 MP: 3/3
   226 | D:1      | Reached XP level 2. HP: 15/15 MP: 0/5
   880 | D:2      | Reached XP level 3. HP: 19/19 MP: 0/7
  1034 | D:2      | Found a snail-covered altar of Cheibriados.
  1315 | D:2      | Reached XP level 4. HP: 12/24 MP: 0/8
  2071 | D:3      | Noticed Natasha
  2076 | D:3      | Learned a level 3 spell: Conjure Flame
  2082 | D:3      | Killed Natasha
  2082 | D:3      | Reached XP level 5. HP: 8/28 MP: 0/10
  2390 | D:3      | Reached skill level 4 in Spellcasting
  2397 | D:3      | Learned a level 4 spell: Sticky Flame
  2456 | D:3      | Noticed Kuldar's ghost (weakling TrBe)
  2471 | D:3      | Killed Kuldar's ghost
  3068 | D:4      | Found Ithrol's Armour Boutique.
  3068 | D:4      | Found a staircase to the Ecumenical Temple.
  3109 | Temple   | Entered the Ecumenical Temple
  3161 | Temple   | Became a worshipper of Vehumet
  3218 | D:4      | Reached XP level 6. HP: 27/32 MP: 4/12
  3315 | D:4      | Found a burning altar of Makhleb.
  3687 | D:4      | Found an ancient bone altar of Kikubaaqudgha.
  3769 | D:5      | Entered Level 5 of the Dungeon
  3891 | D:5      | Reached skill level 5 in Spellcasting
  3891 | D:5      | Reached XP level 7. HP: 33/36 MP: 8/14
  4280 | D:5      | Found Sepaq's Antique Armour Shop.
  4501 | D:5      | Slain by a wight

Vault maps used:
D:1:      dpeg_arrival_shrine, minmay_close_crescents
D:2:      cheibriados_altar_1, kennysheep_generic_room_5
D:3:      first_bread, minivault_11, grunt_decor_one_mirror, uniq_natasha
D:4:      kiku_gazebo_pond_becter, bloody_makhleb, temple_fountains,
          serial_shops, nicolae_shop_stone, grunt_decor_cap, minmay_small_thing
D:5:      serial_shops, shop
D:6:      serial_shops, shop
Temple:   nicolae_temple_x_marks_the_god

Action                   |  1- 3 |  4- 6 |  7- 9 || total
-------------------------+-------+-------+-------++-------
Melee: Club              |    71 |       |       ||    71
       Hand axe          |       |     4 |     6 ||    10
 Cast: Flame Tongue      |    55 |   118 |    44 ||   217
Evoke: Wand              |       |     2 |       ||     2
  Use: Scroll            |     1 |    10 |     3 ||    14
  Eat: Chunk             |     1 |     9 |     1 ||    11
